 Dungeon Crawl Stone Soup version 0.21-a0-348-ga060c75 (webtiles) character file.

31 vishdafish the Charmwright (level 3, 11/27 HPs)
             Began as a Demonspawn Skald on Oct 7, 2017.
             Quit the game on level 2 of the Dungeon.
             The game lasted 00:01:36 (1000 turns).

vishdafish the Charmwright (Demonspawn Skald)       Turns: 1000, Time: 00:01:37

Health: 11/27      AC:  3    Str: 11    XL:     3   Next: 7%
Magic:  3/6        EV: 12    Int: 15    God:
Gold:   71         SH:  0    Dex: 12    Spells: 5/6 levels left

rFire    . . .     SeeInvis .   a - +0 spear
rCold    . . .     Gourm    .   (no shield)
rNeg     . . .     Faith    .   b - +0 leather armour
rPois    .         Spirit   +   (no helmet)
rElec    .         Reflect  .   (no cloak)
rCorr    .         Harm     .   (no gloves)
MR       +....                  (no boots)
Stlth    +.........             (no amulet)
HPRegen  0.09/turn              p - ring of protection from magic
MPRegen  0.10/turn              (no ring)

@: no status effects
A: demonic guardian 1, magic shield
a: no special abilities


You were on level 2 of the Dungeon.
You were not hungry.

You visited 1 branch of the dungeon, and saw 2 of its levels.

You collected 71 gold pieces.

Inventory:

Hand Weapons
 a - a +0 spear (weapon)
Armour
 b - a +0 leather armour (worn)
 i - a +0 buckler
Jewellery
 p - a ring of protection from magic (left hand)
Wands
 q - a wand of acid (4/15)
Scrolls
 g - 4 scrolls of identify {unknown}
 h - a scroll of immolation {unknown}
 l - a scroll of enchant weapon {unknown}
 n - a scroll of noise {unknown}
 o - a scroll of blinking {unknown}
Potions
 k - a potion of heal wounds {unknown}
 m - a potion of agility {unknown}
Books
 c - a book of Battle

   Spells                             Type                      Level
   a - Infusion                       Charms                       1
   b - Shroud of Golubria             Charms/Translocation         2
   c - Song of Slaying                Charms                       2
   d - Spectral Weapon                Hexes/Charms                 3
   e - Regeneration                   Charms/Necromancy            3
Comestibles
 d - a bread ration
 f - 3 meat rations
 j - 3 fruits


   Skills:
 - Level 2.0 Fighting
 * Level 2.5 Polearms
 - Level 1.0 Armour
 + Level 2.2 Dodging
 - Level 2.0 Spellcasting
 + Level 3.0 Charms


You had 5 spell levels left.
You knew the following spells:

 Your Spells              Type           Power        Failure   Level  Hunger
a - Infusion              Chrm           ##..         9%          1    #......


Dungeon Overview and Level Annotations

Branches:
Dungeon (2/15)

Altars:


Innate Abilities, Weirdness & Mutations

A weak demonic guardian rushes to your aid.
When hurt, damage is shared between your health and your magic reserves.


Message History

You hit the giant cockroach.
The giant cockroach is heavily wounded.
The bat closely misses you. The giant cockroach barely misses you.
You hit the giant cockroach.
You kill the giant cockroach!
The bat hits you. The bat closely misses you.
You see here a giant cockroach corpse.
The bat hits you but does no damage. The bat misses you.
The bat hits you but does no damage. x2
You hit the bat but do no damage. The bat hits you but does no damage.
The bat barely misses you. The bat hits you but does no damage.
Found a pair of gloves.
The bat barely misses you. The bat barely misses you.
The bat barely misses you. The bat misses you. The bat barely misses you.
Are you sure you want to abandon this character and quit the game? (Confirm with "yes".)

........ ##.... ########
#..... #....
#.....########### #....
#.....#.........# #....
#.....#...$.....####....
#....#.........##.†....
#[.....).)...##.#####
#.@.......†...#
#...........###
##............#
+.b.......##.#
#.........##.####
#........####....##
..........# ###'##
..........# #.....
#.....


You could see a bat.

Vanquished Creatures
  An adder (D:2)
  A dart slug (D:1)
  A bat (D:1)
  3 giant cockroaches
  4 goblins
  2 hobgoblins (D:1)
  4 kobolds
  A frilled lizard (D:2)
  A rat (D:1)
18 creatures vanquished.

Notes
Turn   | Place    | Note
-------+----------+-------------------------------------------
     0 | D:1      | vishdafish the Demonspawn Skald began the quest for the Orb.
     0 | D:1      | Reached XP level 1. HP: 16/16 MP: 3/3
    23 | D:1      | Reached skill level 1 in Armour
   214 | D:1      | Gained mutation: When hurt, damage is shared between your health and your magic reserves. [demonic ancestry]
   214 | D:1      | Reached XP level 2. HP: 9/22 MP: 0/5
   965 | D:2      | HP: 1/22 [adder (3)]
   967 | D:2      | Reached skill level 3 in Charms
   967 | D:2      | Gained mutation: A weak demonic guardian rushes to your aid. [demonic ancestry]
   967 | D:2      | Reached XP level 3. HP: 2/27 MP: 1/6
  1000 | D:2      | Quit the game

Vault maps used:
D:1:      minmay_arrival_semitransparent
D:2:      old_standard_altar, lemuel_crystal_altar, uniq_crazy_yiuf_cottage

Skill      XL: |  1  2 |
---------------+-------+-----
Armour         | 1 |  1.0
Polearms       | 2 |  2.5
Dodging        | 2 |  2.2
Charms         | 3 |  3.0
Fighting       | |  2.0
Spellcasting   | |  2.0

Action                   || total
-------------------------++-------
Melee: Spear             ||   100
 Cast: Infusion          ||     2
  Use: Potion            ||     1
Armor: Leather armour    ||    37
Dodge: Dodged            ||    70

Table legend:
 A = Spawn XP
 B = Non-spawn XP
 C = Spawn XP percentage of total XP
 D = Spawn monster count
 E = Non-spawn monster count
 F = Spawn count percentage of total count
 G = Total turns spent on level
                    A         B        C        D         E        F      G
               +---------+---------+-------+---------+---------+-------+---------
         Total |       0 |      45 |   0.0 |       0 |      18 |   0.0 |  1000
               +---------+---------+-------+---------+---------+-------+---------
           D:1 |       0 |      22 |   0.0 |       0 |      11 |   0.0 |   810
           D:2 |       0 |      23 |   0.0 |       0 |       7 |   0.0 |   190
               +---------+---------+-------+---------+---------+-------+---------
